 Dungeon Crawl Stone Soup version 0.31-a0-182-gc5ef74bbde (webtiles) character file.

Game seed: 14839014737396743505

133 qw the Shooter (level 5, 0/49 HPs)
             Began as a Naga Hunter on June 20, 2023.
             Slain by a gnoll
             ... wielding a +0 club
              (6 damage)
             ... on level 3 of the Dungeon.
             The game lasted 00:00:43 (1737 turns).

qw the Shooter (Naga Hunter)                        Turns: 1737, Time: 00:00:44

Health: 0/49       AC:  3    Str: 13    XL:     5   Next: 16%
Magic:  5/5        EV:  9    Int:  9    God:
Gold:   279        SH:  0    Dex: 17    Spells: 4/4 levels left

rFire   . . .        Y - +1 shortbow
rCold   . . .        (shield currently unavailable)
rNeg    . . .        c - +0 leather armour
rPois   +            (no helmet)
rElec   .            (no cloak)
rCorr   .            (no gloves)
SInv    +            (no barding)
Will    .....        (no amulet)
Stlth   ++           (no ring)
HPRegen 0.28/turn    (no ring)
MPRegen 0.09/turn

%: no passive effects
@: short of breath, very slow
A: AC +1, large, see invisible, deformed body, poison resistance, slowness 2,
spit poison 1, naga tail 1
a: Spit Poison


You were on level 3 of the Dungeon.
You visited 1 branch of the dungeon, and saw 4 of its levels.

You collected 279 gold pieces.


Innate Abilities, Weirdness & Mutations

Your serpentine skin is tough. (AC +1)
You have supernaturally acute eyesight. (SInv)
Armour fits poorly on your strangely shaped body.
Your system is resistant to poisons. (rPois)
You cover ground very slowly.
You can spit poison.
You have a snake-like lower body.


   Skills:
 - Level 3.1 Fighting
 + Level 5.2 Ranged Weapons
 - Level 1.5 Dodging
 - Level 1.5 Stealth


You had 4 spell levels left.
You didn't know any spells.
Your spell library was empty.

Inventory:

Hand Weapons
 Y - a +1 shortbow (weapon)
Armour
 c - a +0 leather armour (worn)
Potions
 a - a potion of degeneration {unknown}
 b - a potion of lignification {unknown}
 d - a potion of curing {unknown}
 e - a potion of magic {unknown}
 f - a potion of enlightenment {unknown}

Dungeon Overview and Level Annotations

Branches:
Dungeon (4/15)
 Temple: D:4-7

Altars:
Gozag

Annotations:
D:3 1 runed translucent door, qw's ghost, amateur GrFi


Message History

The gnoll looks more healthy.
The gnoll barely misses you.
You shoot an arrow. The arrow hits the gnoll!
You kill the gnoll!
You have reached level 5!
You start resting.
You have got your breath back.
HP restored.
You see here a +0 spear.
The adder hisses angrily.
You hear an angry hiss.
Could not explore, unopened runed door.
(D) Dungeon
Where to? (* - list waypoints, Enter - D:4, ? - help)
What level of the Dungeon? (default 1, ? - help)
You see here a +0 spear.
There is a stone staircase leading down here.
You climb downwards.
The gnoll barely misses you. The gnoll hits you with a +0 flail!
The orc completely misses you. The orc hits you with a +0 hand axe.
There is a stone staircase leading up, spattered with blood here.
1732 ||| STAIRDANCE The gnoll hits you with a +0 club.
The gnoll hits you with a +0 flail! The orc hits you but does no damage.
The orc hits you with a +0 hand axe.
You climb upwards.
Level annotation: 1 runed translucent door, qw's ghost, amateur GrFi
There is a stone staircase leading down here.
1734 ||| INVOKING Spit Poison.
Aiming: Spit Poison (1% risk of failure)
Press: ? - help, Shift-Dir - straight line, f - gnoll The splash of poison hits the gnoll but does no damage.
The orc hits you with a +0 club. The gnoll hits you with a +0 flail.
You shoot an arrow. The arrow hits the gnoll!
The gnoll is almost dead.
The orc hits you but does no damage. The gnoll hits you with a +0 flail.
You shoot an arrow. The arrow hits the gnoll!
You kill the gnoll!
The orc hits you with a +0 club. The gnoll hits you with a +0 club.
You shoot an arrow. The arrow hits the gnoll.
The gnoll is moderately wounded.
The gnoll hits you with a +0 club.
You die...

#..#######>......... ####.#
#.......... ####..#.#
#.......... ##.....#.#
####.##.### ####..###.#.##
#.##.... #....## #.#..#
#..####. #.#### #.##.# ***
##.##### #..#
#.##g####~#####...... ##.#
#|##@####$##########. #.#
#.##o####S###.[...... #.#
#.##o####S#...####### #.#
#.##.##.#W######
#.######.##.#..#F######
#.#.).....[....#+#.####
#.#####.)..........#########
#.# ##.###.#..............
#.# #.##....########.....


You could see a gnoll and 2 orcs.

Vanquished Creatures
  5 gnolls (D:3)
  2 adders (D:2)
  A worm (D:3)
  2 dart slugs
  An orc (D:3)
  3 endoplasms
  3 giant cockroaches (D:1)
  5 goblins
  5 hobgoblins
  5 jackals
  6 kobolds
  2 quokkas (D:1)
  8 ball pythons
  4 bats
  4 frilled lizards
  3 rats
59 creatures vanquished.

Notes
Turn   | Place    | Note
-------+----------+-------------------------------------------
     0 | D:1      | qw the Naga Hunter began the quest for the Orb.
     0 | D:1      | Reached XP level 1. HP: 19/19 MP: 1/1
     0 | D:1      | 0 ||| qw: Version: 0.3-a-9-g12657ce
     0 | D:1      | 0 ||| qw: Game counter: 1268
     0 | D:1      | 0 ||| qw: Always use a shield: true
     0 | D:1      | 0 ||| qw: God list: Okawaru
     0 | D:1      | 0 ||| qw: Allow faded altars: false
     0 | D:1      | 0 ||| qw: Do Orc after D:15 true
     0 | D:1      | 0 ||| qw: Do second Lair branch before Depths: true
     0 | D:1      | 0 ||| qw: Lair rune preference: random
     0 | D:1      | 0 ||| qw: Plans: Normal
     0 | D:1      | 0 ||| PLANNING D:1-11
    38 | D:1      | 38 ||| INVOKING Spit Poison.
    46 | D:1      | 46 ||| INVOKING Spit Poison.
    91 | D:1      | 91 ||| INVOKING Spit Poison.
   124 | D:1      | Reached skill level 4 in Ranged Weapons
   124 | D:1      | Reached XP level 2. HP: 26/26 MP: 2/2
   159 | D:1      | 159 ||| INVOKING Spit Poison.
   165 | D:1      | 165 ||| INVOKING Spit Poison.
   190 | D:1      | 190 ||| INVOKING Spit Poison.
   232 | D:1      | 232 ||| INVOKING Spit Poison.
   310 | D:1      | 310 ||| INVOKING Spit Poison.
   314 | D:1      | 314 ||| INVOKING Spit Poison.
   318 | D:1      | 318 ||| INVOKING Spit Poison.
   386 | D:1      | 386 ||| INVOKING Spit Poison.
   523 | D:1      | 523 ||| DROPPING scroll of butterflies.
   541 | D:2      | 541 ||| INVOKING Spit Poison.
   544 | D:2      | 544 ||| INVOKING Spit Poison.
   548 | D:2      | Reached XP level 3. HP: 32/32 MP: 3/3
   550 | D:2      | 550 ||| INVOKING Spit Poison.
   579 | D:2      | 579 ||| INVOKING Spit Poison.
   586 | D:2      | 586 ||| INVOKING Spit Poison.
   607 | D:2      | Identified the +4 long sword of Wisdom {drain, Dex+7}
   689 | D:2      | 689 ||| INVOKING Spit Poison.
   710 | D:2      | 710 ||| INVOKING Spit Poison.
   713 | D:2      | 713 ||| INVOKING Spit Poison.
   767 | D:2      | 767 ||| INVOKING Spit Poison.
   784 | D:2      | 784 ||| INVOKING Spit Poison.
   803 | D:2      | 803 ||| INVOKING Spit Poison.
   862 | D:2      | Found an opulent altar of Gozag.
   871 | D:2      | 871 ||| INVOKING Spit Poison.
   971 | D:2      | 971 ||| READING scroll labelled EVECYS TUCEJE.
   972 | D:2      | 972 ||| READING scroll labelled ZUOSARANOL.
   986 | D:3      | 986 ||| INVOKING Spit Poison.
   991 | D:3      | 991 ||| INVOKING Spit Poison.
   995 | D:3      | Reached skill level 5 in Ranged Weapons
   995 | D:3      | Reached XP level 4. HP: 36/39 MP: 4/4
  1015 | D:3      | 1015 ||| INVOKING Spit Poison.
  1037 | D:3      | 1037 ||| INVOKING Spit Poison.
  1040 | D:3      | 1040 ||| INVOKING Spit Poison.
  1046 | D:3      | 1046 ||| INVOKING Spit Poison.
  1060 | D:3      | 1060 ||| INVOKING Spit Poison.
  1149 | D:3      | Found a runed translucent door.
  1149 | D:3      | Noticed a bullfrog
  1152 | D:3      | Noticed qw's ghost (amateur GrFi)
  1157 | D:3      | 1157 ||| INVOKING Spit Poison.
  1177 | D:3      | 1177 ||| INVOKING Spit Poison.
  1186 | D:3      | 1186 ||| INVOKING Spit Poison.
  1187 | D:3      | 1187 ||| INVOKING Spit Poison.
  1192 | D:3      | 1192 ||| INVOKING Spit Poison.
  1198 | D:3      | 1198 ||| INVOKING Spit Poison.
  1204 | D:3      | 1204 ||| INVOKING Spit Poison.
  1205 | D:3      | HP: 6/40 [gnoll/+0 club (8)]
  1207 | D:3      | Reached skill level 3 in Fighting
  1354 | D:3      | 1354 ||| INVOKING Spit Poison.
  1377 | D:3      | 1377 ||| INVOKING Spit Poison.
  1378 | D:3      | 1378 ||| Stepping ~*~*~tactically~*~*~ (outnumbered).
  1382 | D:3      | 1382 ||| INVOKING Spit Poison.
  1519 | D:3      | 1519 ||| INVOKING Spit Poison.
  1666 | D:3      | 1666 ||| READING scroll labelled NOWISTR YNOKK.
  1677 | D:4      | 1677 ||| INVOKING Spit Poison.
  1679 | D:4      | 1679 ||| STAIRDANCE
  1683 | D:3      | 1683 ||| INVOKING Spit Poison.
  1686 | D:3      | Reached XP level 5. HP: 41/49 MP: 5/5
  1732 | D:4      | 1732 ||| STAIRDANCE
  1734 | D:3      | 1734 ||| INVOKING Spit Poison.
  1735 | D:3      | HP: 9/49 [gnoll/+0 flail (6)]
  1737 | D:3      | Slain by a gnoll

Levels and vault maps discovered:
D:1:      minmay_arrival_five_plusses, layout_basic
D:2:      layout_rooms, basic_altar
D:3:      layout_rooms, ebering_ghost_sewer_d, dreamdust_wishing_well
D:4:      layout_rooms, serial_shops, shop

Skill      XL: |  1  2  3  4 |
---------------+-------------+-----
Ranged Weapons | 4 5 |  5.2
Fighting       | 3 |  3.1
Dodging        | |  1.5
Stealth        | |  1.5

Action                     |  1- 3 |  4- 6 || total
---------------------------+-------+-------++-------
   Fire: Shortbow          |    64 |    49 ||   113
Ability: Spit Poison       |    25 |    18 ||    43
    Use: Scroll            |     2 |     1 ||     3
 Armour: Leather armour    |     6 |     7 ||    13
  Dodge: Dodged            |    10 |    24 ||    34

Table legend:
 A = Non-vault XP
 B = Vault XP
 C = Vault XP percentage of total XP
 D = Non-vault monster count
 E = Vault monster count
 F = Vault count percentage of total count
                 A         B        C        D         E       F
            +---------+---------+-------+---------+---------+-------
      Total |     190 |       0 |   0.0 |      59 |       0 |   0.0
            +---------+---------+-------+---------+---------+-------
        D:1 |      33 |       0 |   0.0 |      19 |       0 |   0.0
        D:2 |      45 |       0 |   0.0 |      14 |       0 |   0.0
        D:3 |     112 |       0 |   0.0 |      26 |       0 |   0.0
            +---------+---------+-------+---------+---------+-------
